AoeStats
← nkz ; banhoul

Arabia

504011927Analyzed
1v1 RM · 28d ago on Sep 3, 2026· 48m 23s· 2 players
Game mode
Random Map
Map size
Tiny (2 player)
Population
200
Speed
Normal
Resources
Standard
Victory
Conquest
Starting age
Dark Age
Ending age
Imperial Age
RankedLock teamsTeams togetherTeam positionsShared explorationLock speedFull tech treeHidden civsTurbo modeCheats
Victory
Defeat
🇺🇸 Wei · United States
890
+17
🇦🇷 Vietnamese · Argentina
904
-48
Jeffrey222
8:53 Loom
11:27 Feudal Age
15:41 Castle Age
14:18 Double-Bit Axe
16:45 Scale Barding Armor
17:52 Bloodlines
18:02 Horse Collar
22:50 Husbandry
24:41 Wheelbarrow
24:59 Town Watch
25:15 Heavy Plow
26:38 Hand Cart
27:49 Chain Barding Armor
27:39 Forging
29:23 Town Patrol
29:40 Bow Saw
30:21 Forging
34:08 Sanctity
39:15 Imperial Age
39:33 Iron Casting
38:49 Fletching
39:14 Masonry
39:31 Ballistics
39:22 Gold Mining
40:22 Ming Guang Armor
39:31 Heavy Hei Guang Cavalry
41:47 Chemistry
40:43 Murder Holes
41:52 Blast Furnace
40:48 Bodkin Arrow
41:22 Conscription
43:15 Bracer
44:21 Hoardings
45:25 Gold Shaft Mining
44:42 Stone Mining
nkz ; banhoul
10:38 Feudal Age
9:00 Loom
10:45 Feudal Age
11:38 Double-Bit Axe
12:18 Horse Collar
20:33 Castle Age
19:45 Forging
20:59 Scale Mail Armor
22:04 Chain Mail Armor
25:22 Bow Saw
27:55 Gold Mining
29:36 Iron Casting
29:53 Stone Mining
31:52 Pikeman
32:38 Squires
39:38 Wheelbarrow
39:54 Fletching
40:04 Padded Archer Armor
42:18 Bodkin Arrow
Connection lost

Rejoining the realm…

Still unreachable

The connection could not be restored.

Session expired

The server has moved on; the page needs a fresh start.